Map: Neon Violet Square LE

Players

Darius - Winner!

  • Race: Protoss Protoss
  • League: Silver
  • Spawn Location: 11:00

WeAreLegion

  • Race: Terran Terran
  • League: Silver
  • Spawn Location: 5:00

VOD

Have the link to the VOD?

Description

Time

  • Played on: Dec. 3, 2024, 2:24 a.m.
  • Length: 16:48
Show
View Real Time Build Order
Export as new Build Order

Darius Protoss - Winner!

Build Orders:  

Get SALT Encoding   

  12  0:00  Probe  
  13  0:12  Probe  
  14  0:20  Pylon  
  14  0:24  Probe  
  15  0:34  Probe  
  15  0:42  Probe  
  16  0:43  Gateway  
  17  0:51  Assimilator  
  17  0:52  Probe  
  18  1:01  Probe  
  18  1:09  Assimilator, Probe  
  20  1:19  Probe  
  21  1:26  Pylon  
  21  1:31  Probe  
  22  1:37  Cybernetics Core  
  22  1:42  Gateway  
  22  1:49  Pylon  
  22  2:02  Probe  
  23  2:14  Probe  
  24  2:26  Probe  
  24  2:27  Nexus  
  24  2:29  Stalker  
  25  2:31  Warp Gate  
  25  2:33  Sentry  
  29  2:48  Probe  
  30  2:59  Forge  
  30  3:00  Probe  
  31  3:10  Probe  
  31  3:14  Pylon  
  31  3:18  Probe  
  32  3:22  Gateway  
  33  3:35  Robotics Facility  
  33  3:38  Probe  
  33  3:39  Protoss Ground Weapons Level 1, Photon Cannon  
  34  3:46  Probe  
  34  3:55  Probe  
  36  4:04  Probe  
  36  4:07  Probe  
  36  4:09  Assimilator  
  38  4:13  Assimilator  
  38  4:16  Probe  
  39  4:18  Pylon  
  39  4:19  Shield Battery  
  39  4:23  Pylon  
  39  4:31  Photon Cannon  
  39  4:35  Photon Cannon  
  39  4:36  Probe  
  40  4:39  Probe  
  41  4:48  Probe  
  41  4:49  Photon Cannon  
  42  4:57  Gateway  
  42  5:00  Gateway  
  42  5:07  Sentry  
  42  5:08  Immortal  
  42  5:09  Stalker  
  50  5:43  Probe  
  50  5:46  Probe  
  52  5:51  Warp Prism  
  52  5:54  Protoss Ground Armor Level 1  
  52  5:56  Probe  
  55  5:58  Probe  
  55  6:04  Stalker x3  
  58  6:05  Stalker x2  
  58  6:10  Probe  
  58  6:11  Probe  
  68  6:22  Probe  
  68  6:23  Probe  
  70  6:34  Probe  
  70  6:35  Probe  
  72  6:42  Twilight Council  
  72  6:48  Gateway  
  72  6:50  Gateway  
  72  6:52  Robotics Facility  
  72  6:59  Robotics Bay  
  68  7:42  Stalker x2  
  68  7:43  Stalker x2  
  68  7:44  Stalker  
  78  7:59  Protoss Shields Level 1  
  78  8:15  Pylon  
  78  8:17  Pylon  
  78  8:19  Pylon  
  78  8:22  Nexus  
  78  8:24  Extended Thermal Lance  
  78  8:33  Colossus  
  84  8:34  Colossus  
  90  8:43  Stalker, Blink  
  90  8:44  Stalker  
  94  9:04  Robotics Facility  
  94  9:06  Robotics Facility  
  94  9:10  Assimilator  
  94  9:13  Assimilator, Stalker x3  
  94  9:14  Stalker  
  94  9:17  Pylon  
  102  9:32  Protoss Ground Armor Level 2  
  102  9:33  Colossus  
  108  9:40  Pylon  
  108  9:42  Pylon  
  108  9:50  Pylon  
  108  9:52  Pylon  
  108  9:55  Colossus x2  
  108  9:56  Pylon  
  120  10:06  Forge  
  120  10:21  Dark Shrine  
  120  10:29  Protoss Ground Weapons Level 2  
  120  10:30  Templar Archives  
  120  10:52  Colossus x2  
  132  11:02  Colossus x2  
  144  11:45  Gravitic Boosters  
  144  11:46  Observer x2  
  146  11:49  Charge, Nexus  
  146  11:56  Observer x2  
  148  12:21  Stalker  
  148  12:22  Stalker x4  
  156  12:23  Stalker x2  
  98  12:51  Stalker x2  
  98  12:52  Stalker x2  
  98  12:53  Stalker x3  
  98  13:26  Stalker x3  
  98  13:27  Stalker x2  
  106  13:28  Stalker  
  106  13:29  Stalker  
  112  13:53  Dark Templar x4  
  112  13:54  Dark Templar x3  
  125  14:04  Assimilator  
  125  14:06  Assimilator  
  125  14:10  Observer  
  125  14:33  Archon x3  
  125  14:40  Dark Templar  
  125  14:41  Observer, Dark Templar x2  
  125  14:42  Dark Templar x2  
  135  14:53  Archon x2  
  135  15:46  Stalker  
  135  15:47  Stalker x5  
  135  15:48  Stalker  
Show
View Real Time Build Order
Export as new Build Order

WeAreLegion Terran 

Build Orders: Reaper Expand 

Get SALT Encoding   

  12  0:00  SCV  
  13  0:13  SCV  
  14  0:18  Supply Depot  
  14  0:25  SCV  
  15  0:40  SCV  
  16  0:43  Barracks  
  16  0:51  Refinery  
  16  0:52  SCV  
  17  1:04  SCV  
  18  1:16  SCV  
  19  1:30  Orbital Command  
  19  1:42  Command Center  
  19  1:51  Supply Depot  
  19  1:54  Reaper  
  20  2:08  SCV  
  20  2:15  Factory  
  21  2:20  SCV  
  22  2:26  Marine  
  23  2:36  SCV  
  24  2:40  Refinery  
  24  2:45  Marine  
  24  2:48  SCV  
  26  2:54  Supply Depot  
  27  2:59  Orbital Command  
  27  3:00  SCV  
  27  3:01  Starport  
  27  3:11  Factory Tech Lab  
  27  3:12  SCV  
  28  3:24  SCV  
  29  3:27  SCV  
  29  3:30  Marine  
  29  3:32  Siege Tank  
  34  3:36  SCV  
  34  3:39  SCV  
  36  3:48  SCV  
  36  3:51  SCV  
  38  3:56  Barracks Reactor  
  38  4:00  SCV  
  39  4:03  SCV  
  39  4:07  Barracks  
  39  4:09  Barracks  
  40  4:11  Engineering Bay  
  40  4:13  SCV  
  41  4:22  Medivac  
  43  4:36  SCV x2  
  45  4:48  SCV x2, Marine x2  
  45  4:52  Terran Infantry Weapons Level 1, Medivac  
  51  4:57  Missile Turret  
  51  5:00  SCV, Missile Turret  
  51  5:01  SCV  
  51  5:06  Marine  
  54  5:13  Missile Turret  
  54  5:16  SCV x2, Marine x3, Siege Tank  
  54  5:20  Supply Depot  
  62  5:21  Supply Depot  
  62  5:31  Starport Tech Lab  
  62  5:38  Barracks Tech Lab  
  62  5:39  Barracks Tech Lab  
  62  5:41  Marine x2  
  66  5:45  Supply Depot  
  66  5:47  Supply Depot  
  64  5:51  Refinery  
  64  5:52  Siege Tank  
  64  5:54  Refinery  
  67  5:59  Marine x2  
  67  6:01  SCV x2  
  67  6:02  Marine x2  
  73  6:07  Command Center  
  73  6:13  SCV x2  
  73  6:16  Armory  
  73  6:17  Marine x2  
  77  6:18  Stimpack  
  77  6:20  Marauder  
  77  6:21  Marauder  
  81  6:35  Siege Tank, Marine x2  
  86  6:41  Marine x2  
  88  6:48  Supply Depot x2  
  88  6:53  Marine x2  
  90  6:54  Raven  
  90  7:00  Marauder  
  94  7:07  Terran Vehicle Weapons Level 1  
  94  7:08  Marauder  
  96  7:09  Terran Infantry Weapons Level 2  
  96  7:10  Marine  
  96  7:12  Supply Depot  
  96  7:14  Supply Depot  
  91  8:12  Combat Shield  
  91  8:13  Concussive Shells  
  91  8:15  SCV x2  
  93  8:20  Orbital Command  
  93  8:24  Marine x4  
  97  8:27  SCV x2  
  97  8:32  Ghost Academy  
  99  8:38  Siege Tank  
  99  8:39  SCV x2  
  106  8:42  Marine x4  
  106  8:43  Medivac  
  109  8:51  SCV x2  
  111  8:56  Starport  
  111  9:00  Marine  
  111  9:01  Marauder x2  
  111  9:02  Terran Vehicle And Ship Armor Level 1  
  116  9:03  SCV  
  116  9:08  Refinery  
  117  9:10  Siege Tank  
  117  9:13  Medivac  
  117  9:15  SCV  
  123  9:18  Refinery  
  123  9:19  Supply Depot  
  123  9:22  Marauder x2  
  123  9:23  Supply Depot  
  127  9:26  Terran Infantry Armor Level 1  
  127  9:30  SCV x2  
  129  9:42  Supply Depot, SCV x2  
  129  9:43  Raven, Marauder x2  
  137  9:46  Supply Depot  
  137  9:54  SCV x2  
  137  9:58  Marine x2, Command Center  
  137  9:59  Command Center  
  141  10:00  Starport Reactor  
  141  10:05  Marauder x2  
  141  10:06  SCV  
  141  10:07  SCV  
  147  10:16  Marine x2  
  149  10:25  Marine  
  149  10:26  Marine  
  151  10:38  Supply Depot  
  151  10:40  Supply Depot  
  150  10:44  Marauder x2  
  154  10:53  Marine  
  154  10:54  Marine  
  154  10:55  Siege Tank  
  159  11:02  Supply Depot, Medivac x3  
  165  11:05  Marine, Marauder  
  165  11:06  Supply Depot  
  168  11:11  Marine x2  
  170  11:21  Barracks  
  170  11:22  Barracks  
  170  11:23  Marauder  
  170  11:25  Factory  
  172  11:27  Siege Tank, Marauder  
  172  11:32  Liberator, Medivac x2  
  183  11:45  Marauder  
  185  11:59  Siege Tank  
  188  12:01  Liberator  
  191  12:09  Starport  
  134  12:49  Marine x3  
  134  12:50  Marine  
  112  12:51  Siege Tank  
  112  12:53  Medivac x2  
  112  12:54  Medivac  
  108  13:07  Marine  
  108  13:08  Marauder x2  
  73  13:23  Siege Tank, Viking x3  
  79  13:29  Marauder x2  
  68  13:55  Siege Tank  
  66  14:07  SCV  
  49  14:35  Orbital Command  
  45  15:01  SCV  
  46  15:14  SCV  
  45  15:30  Command Center  
  21  16:34  SCV  
Tags
 
Add a new tag
Caveats
  • Supply blocks, unpowered buildings, or Contaminate may cause inaccurate times.
  • Supply counts are checked every 10 seconds.